 Dungeon Crawl Stone Soup version 0.28.0-53-g5a82cb258f (webtiles) character file.

Game seed: 18410933056089783074

79 suse60 the Skirmisher (level 4, 0/44 HPs)
             Began as a Minotaur Fighter on Aug 10, 2022.
             Slain by a gnoll
             ... wielding a +0 halberd
              (8 damage)
             ... on level 2 of the Dungeon.
             The game lasted 00:03:27 (1407 turns).

suse60 the Skirmisher (Minotaur Fighter)            Turns: 1407, Time: 00:03:27

Health: 0/44       AC:  6    Str: 23    XL:     4   Next: 16%
Magic:  3/3        EV:  9    Int:  5    God:
Gold:   82         SH:  4    Dex:  9    Spells: 3/3 levels left

rFire   . . .      SeeInvis .   a - +0 war axe
rCold   . . .      Faith    .   c - +0 buckler
rNeg    . . .      Spirit   .   b - +0 scale mail
rPois   .          Reflect  .   (helmet restricted)
rElec   .          Harm     .   (no cloak)
rCorr   .          Rampage  .   (no gloves)
Will    .....                   (no boots)
Stlth   ..........              (no amulet)
HPRegen 0.14/turn               (no ring)
MPRegen 0.08/turn               (no ring)

@: no status effects
A: horns 2, retaliatory headbutt
a: no special abilities


You were on level 2 of the Dungeon.
You visited 1 branch of the dungeon, and saw 2 of its levels.

You collected 82 gold pieces.

Inventory:

Hand Weapons
 a - a +0 war axe (weapon)
Armour
 b - a +0 scale mail (worn)
 c - a +0 buckler (worn)
Scrolls
 f - 3 scrolls of identify {unknown}
Potions
 d - 2 potions of might
 e - a potion of haste {unknown}
 h - a potion of degeneration {unknown}
 i - a potion of curing {unknown}


   Skills:
 + Level 6.1 Fighting
 - Level 2.4 Axes
 - Level 3.6 Armour
 - Level 3.6 Shields


You had 3 spell levels left.
You didn't know any spells.
Your spell library was empty.

Dungeon Overview and Level Annotations

Branches:
Dungeon (2/15)

Altars:
Sif Muna


Innate Abilities, Weirdness & Mutations

You have a pair of horns on your head.
You reflexively headbutt those who attack you in melee.


Message History

You kill the worm!
Found a whip.
Found 24 arrows.
d - 2 potions of might (gained 1)
Found a stone staircase leading down.
Found a stone staircase leading down.
You see here a worm corpse.
A hobgoblin comes into view.
The hobgoblin shouts!
You hear a shout! x2
You slash the hobgoblin!
You kill the hobgoblin!
A gnoll comes into view. It is wielding a +0 whip.
A gnoll comes into view. It is wielding a +0 flail.
A gnoll comes into view. It is wielding a +0 club.
The gnoll shouts!
A gnoll comes into view. It is wielding a +0 halberd.
You see here a hobgoblin corpse.
You slash the gnoll!
You kill the gnoll!
You slash the gnoll! You headbutt the gnoll.
You kill the gnoll!
Your Fighting skill increases to level 6!
You have reached level 4!
You feel stronger.
You hit the gnoll but do no damage. You headbutt the gnoll.
The gnoll is lightly wounded.
You block the gnoll's attack. x2; The gnoll hits you with a +0 whip.
You hit the gnoll.
The gnoll is severely wounded.
The gnoll hits you from afar with a +0 halberd!
The gnoll hits you but does no damage.
The gnoll hits you from afar with a +0 halberd!
You slash the gnoll!
You kill the gnoll!
The gnoll hits you from afar with a +0 halberd.
The gnoll hits you with a +0 halberd!
* * * LOW HITPOINT WARNING * * *
Items here: ( ))) ††.
You hit the gnoll but do no damage. The gnoll hits you with a +0 halberd!
You die...

######### ###.......# ##
#.........# ...
########.........#....
#....@g...†...........
#.######.........#.... #.#
#...........# ... #.#
#.###.......# .. #.# #.#
#.......# . #.# #.# #.......#
#####.####.# #.......####
########..........######.#.....#
...............................#


You could see a gnoll.

Vanquished Creatures
  3 gnolls (D:2)
  An adder (D:2)
  2 worms (D:2)
  A dart slug (D:2)
  An endoplasm (D:1)
  4 giant cockroaches
  A goblin (D:1)
  6 hobgoblins
  4 jackals (D:1)
  2 quokkas (D:1)
  2 bats (D:1)
  4 kobolds
  A rat (D:1)
32 creatures vanquished.

Notes
Turn   | Place    | Note
-------+----------+-------------------------------------------
     0 | D:1      | suse60 the Minotaur Fighter began the quest for the Orb.
     0 | D:1      | Reached XP level 1. HP: 19/19 MP: 0/0
   171 | D:1      | Reached skill level 4 in Fighting
   183 | D:1      | Reached XP level 2. HP: 27/28 MP: 1/1
   459 | D:1      | Found a faded altar of an unknown god.
   551 | D:1      | Reached skill level 5 in Fighting
   693 | D:2      | Found a shimmering blue altar of Sif Muna.
   715 | D:2      | Reached XP level 3. HP: 28/36 MP: 2/2
  1403 | D:2      | Reached skill level 6 in Fighting
  1403 | D:2      | Reached XP level 4. HP: 44/44 MP: 3/3
  1407 | D:2      | Slain by a gnoll

Illustrated notes

Levels and vault maps discovered:
D:1:      saegor_arrival_simple_c, layout_rooms,
          hellmonk_ecumenical_altar_prayer_group, corexii_leaking_fountain,
          patterned_corridor
D:2:      layout_basic, basic_altar, amcnicky_mini_pool_small, moated_statue,
          st_stairs_3

Skill      XL: |  1  2  3 |
---------------+----------+-----
Fighting       | 4 5 6 |  6.1
Axes           | |  2.4
Armour         | |  3.6
Shields        | |  3.6

Action                   |  1- 3 |  4- 6 || total
-------------------------+-------+-------++-------
Melee: War axe           |    68 |     4 ||    72
       Headbutt          |     8 |     1 ||     9
  Use: Scroll            |     3 |       ||     3
Armor: Scale mail        |    28 |     1 ||    29
Dodge: Dodged            |    23 |       ||    23
Block: Buckler           |    11 |     2 ||    13
